 Dungeon Crawl Stone Soup version 0.29-a0-2-g12fcac58f8 (webtiles) character file.

Game seed: 3378540316141311249

3145 bjtr the Ogre Mage (level 9, -2/93 HPs)
             Began as an Ogre Fire Elementalist on Jan 27, 2022.
             Was an Initiate of Vehumet.
             Slain by a bullfrog (4 damage)
             ... on level 7 of the Dungeon.
             The game lasted 00:34:21 (9865 turns).

bjtr the Ogre Mage (Ogre Fire Elementalist)         Turns: 9865, Time: 00:34:22

Health: -2/93      AC:  4    Str: 14    XL:     9   Next: 93%
Magic:  3/22       EV: 10    Int: 20    God:    Vehumet [......]
Gold:   256        SH:  0    Dex:  9    Spells: 9/27 levels left

rFire   . . .      SeeInvis +   m - +3 spear (venom)
rCold   . . .      Faith    .   (no shield)
rNeg    . . .      Spirit   .   q - +1 robe {Will+}
rPois   .          Reflect  .   (helmet restricted)
rElec   .          Harm     .   (no cloak)
rCorr   .          Rampage  .   (gloves unavailable)
Will    +....                   (boots unavailable)
Stlth   +.........              (no amulet)
HPRegen 0.25/turn               x - ring of see invisible
MPRegen 0.18/turn               v - ring of flight

@: swift, flying, quick
A: large, unfitting armour, tough skin 1
a: Renounce Religion


You were on level 7 of the Dungeon.
You worshipped Vehumet.
Vehumet was noncommittal.
You visited 2 branches of the dungeon, and saw 8 of its levels.

You collected 282 gold pieces.
You spent 26 gold pieces at shops.

Inventory:

Hand Weapons
 a - a +0 broad axe
 h - a +1 hand axe of venom
 j - a +0 dagger of venom
 m - a +3 spear of venom (weapon)
 s - a +0 war axe
 w - a +0 long sword
 z - a +2 whip of electrocution
 A - a +2 dagger of freezing
 C - a +0 giant spiked club
 E - a +0 battleaxe
 F - a +3 great sword
 G - a +2 flail of holy wrath
Missiles
 b - 3 poisoned darts
 f - 4 large rocks
 g - 62 sling bullets
 k - 164 stones
 n - 50 bolts
 D - 6 javelins (quivered)
Armour
 q - a +1 robe of willpower (worn)
Jewellery
 o - a ring of fire
 v - a ring of flight (right hand)
 x - a ring of see invisible (left hand)
Wands
 I - a wand of digging (3)
Scrolls
 e - a scroll of enchant armour {unknown}
 i - a scroll of amnesia
 r - 3 scrolls of identify
 u - 2 scrolls of enchant weapon
 y - a scroll of immolation {unknown}
 J - a scroll of silence {unknown}
 K - a scroll of vulnerability {unknown}
Potions
 c - 4 potions of curing
 d - 3 potions of mutation
 l - a potion of brilliance
 p - a potion of flight
 H - a potion of attraction


   Skills:
 * Level 7.5 Fighting
 + Level 3.0 Dodging
 - Level 1.4 Stealth
 + Level 9.5 Spellcasting
 + Level 2.1 Conjurations
 + Level 8.0 Fire Magic


You had 9 spell levels left.
You knew the following spells:

 Your Spells              Type           Power      Damage    Failure   Level
a - Foxfire               Conj/Fire      100%       2x1d9     1%          1
b - Scorch                Fire           82%        2d9       1%          2
c - Conjure Flame         Conj/Fire      29%        6-21      2%          3
d - Inner Flame           Hex/Fire       25%        N/A       4%          3
e - Flame Wave            Conj/Fire      29%        2d8       9%          4
f - Swiftness             Air            9%         N/A       22%         3
g - Passwall              Tmut/Erth      7%         N/A       11%         2

Your spell library contained the following spells:

 Spells                   Type           Power      Damage    Failure   Level
 Animate Skeleton         Necr           18%        N/A       8%          1
 Pain                     Necr           36%        1d5       8%          1
 Ensorcelled Hibernation  Hex/Ice        18%        N/A       11%         2
 Vampiric Draining        Necr           9%         2d6       22%         3
 Cause Fear               Hex            4%         N/A       58%         4
 Summon Cactus Giant      Summ           4%         N/A       100%        6
 Dragon Form              Tmut           4%         N/A       100%        7
 Dragon's Call            Summ           4%         N/A       100%        9


Dungeon Overview and Level Annotations

Branches:
Dungeon (7/15)             Temple (1/1) D:7

Altars:
Ashenzari
Cheibriados
Elyvilon
Fedhas
Gozag
Hepliaklqana
Kikubaaqudgha
Makhleb
Nemelex Xobeh
Ru
Sif Muna
Trog
Uskayaw
Vehumet
Wu Jian
Xom
Yredelemnul
Zin
The Shining One

Shops:
D:1 ==*[   D:6 *=:


Innate Abilities, Weirdness & Mutations

You are too large for most types of armour.
You have tough skin. (AC +1)


Message History

You feel sick.
You hear a shout!
The bullfrog hits you!
* * * LOW HITPOINT WARNING * * *
Your Dodging skill increases to level 3!
You feel sick.
You are no longer poisoned.
The bullfrog barely misses you. The bullfrog hits you.
* * * LOW HITPOINT WARNING * * *
It was a potion of attraction.
You feel attractive to monsters. The bullfrog hits you.
* * * LOW HITPOINT WARNING * * *
It was a potion of lignification.
You turn into a tree.
Your +1 robe of willpower melds into your body.
You feel less strong-willed.
Your roots penetrate the ground.
The bullfrog hits you but does no damage. x2
Unknown command.
It was a potion of cancellation.
Your magical effects are unravelling.
You feel magically purged.
You feel less wooden.
Your +1 robe of willpower unmelds from your body.
You feel strong-willed. The bullfrog hits you.
* * * LOW HITPOINT WARNING * * *
The centaur skeleton hits you.
* * * LOW HITPOINT WARNING * * *
The centaur skeleton kicks you.
* * * LOW HITPOINT WARNING * * *
You feel less attractive to monsters.
Unknown command.
The bullfrog misses you.
Okay, then.
Casting: Scorch (safe; 1% risk of failure)
Confirm with . or Enter, or press ? or * to list all spells.
You feel quick. The bullfrog hits you.
* * * LOW HITPOINT WARNING * * *
The bullfrog hits you.
You die...

##.###)......###.# ####. #.
#.####..##..### ######. #
#Z##..........###^#^##.
#..........#####^...##. ###
####.......##..'^.^_##. ..### #.
#.o......#.##^.^.### ....# #.
#..........###^#.##. ......###.##
#..FZ......########. ...........#
#..@....#.#.#######.
...........#####...#.#.........#.
..... .....####..##..#####......
.#### .# #.......[###)# ##.....
.# ..###........# #.# #.#...
.####.###.........###.## ##.#.#.
..........#..>....<#...####..[.#.
..#.......####...............#...
....#....# #.....)..........#...


You could see a bullfrog, an orc and a centaur skeleton.

Vanquished Creatures
  A two-headed ogre (D:7)
  A yak (D:5)
  2 water moccasins
  3 ice beasts
  A hornet zombie (D:5)
  A necrophage (D:7)
  4 ogres
  2 phantoms
  A bullfrog (D:3)
  2 wyvern zombies
  2 scorpions (D:5)
  A wyvern skeleton (D:7)
  5 wights (D:6)
  A howler monkey (D:5)
  A centaur zombie (D:7)
  2 hounds
  A jelly (D:4)
  A bullfrog skeleton (D:7)
  A gnoll shaman (D:3)
  2 orc priests
  2 centaur skeletons
  3 iguanas (D:5)
  4 orc wizards
  A hound skeleton (D:4)
  A hound zombie (D:5)
  6 gnolls
  5 adders
  A shadow imp (D:6)
  A white imp (D:5)
  2 dart slugs (D:2)
  14 orcs
  7 endoplasms
  2 giant cockroaches (D:1)
  4 goblins
  4 hobgoblins
  2 jackals (D:5)
  6 quokkas
  9 ball pythons
  3 bats
  3 frilled lizards
  2 kobolds
  4 rats
  A spectral orc (D:7)
122 creatures vanquished.

Vanquished Creatures (collateral kills)
  13 foxfires (D:3)
13 creatures vanquished.

Vanquished Creatures (others)
  144 foxfires
  41 plants (D:3)
185 creatures vanquished.

Grand Total: 320 creatures vanquished

Notes
Turn   | Place    | Note
-------+----------+-------------------------------------------
     0 | D:1      | bjtr the Ogre Fire Elementalist began the quest for the
                  | Orb.
     0 | D:1      | Reached XP level 1. HP: 16/16 MP: 3/3
    13 | D:1      | Found Ywnutiy's Jewellery Shop.
   415 | D:1      | Found Badung's Assorted Antiques.
   486 | D:1      | Reached XP level 2. HP: 26/26 MP: 2/5
   489 | D:1      | Learned a level 2 spell: Scorch
   752 | D:1      | Found Yzxatzik's Jewellery Shop.
   894 | D:1      | Reached skill level 1 in Fighting
   945 | D:1      | Found Xurih's Armour Shoppe.
  1137 | D:2      | Reached skill level 1 in Conjurations
  1137 | D:2      | Reached XP level 3. HP: 28/33 MP: 1/7
  1401 | D:2      | Found a faded altar of an unknown god.
  1431 | D:2      | Reached skill level 3 in Spellcasting
  1994 | D:2      | Reached XP level 4. HP: 42/42 MP: 3/8
  2082 | D:2      | Learned a level 3 spell: Conjure Flame
  2086 | D:2      | Learned a level 3 spell: Inner Flame
  2634 | D:3      | Noticed a bullfrog
  2642 | D:3      | Killed a bullfrog
  2643 | D:3      | Reached XP level 5. HP: 41/50 MP: 0/10
  2871 | D:3      | HP: 2/52 [gnoll (4)]
  3500 | D:3      | Reached skill level 4 in Spellcasting
  3720 | D:3      | Found an ornate altar of the Wu Jian Council.
  3971 | D:4      | Reached XP level 6. HP: 61/61 MP: 8/12
  4051 | D:4      | Learned a level 4 spell: Flame Wave
  4353 | D:4      | Found a burning altar of Makhleb.
  4355 | D:4      | Found a glowing silver altar of Zin.
  4525 | D:4      | Found an ancient bone altar of Kikubaaqudgha.
  4986 | D:4      | Reached skill level 5 in Spellcasting
  4986 | D:4      | Reached XP level 7. HP: 68/68 MP: 7/14
  5374 | D:4      | Learned a level 3 spell: Swiftness
  5397 | D:5      | Entered Level 5 of the Dungeon
  5526 | D:5      | Reached skill level 5 in Fire Magic
  6060 | D:5      | Reached skill level 6 in Spellcasting
  6170 | D:5      | Found a sparkling altar of Nemelex Xobeh.
  6525 | D:5      | Reached XP level 8. HP: 8/79 MP: 9/17
  6884 | D:5      | Reached skill level 5 in Fighting
  7002 | D:5      | Noticed a yak
  7014 | D:5      | Killed a yak
  7015 | D:5      | Reached skill level 7 in Spellcasting
  7284 | D:6      | Learned a level 2 spell: Passwall
  7359 | D:6      | Reached XP level 9. HP: 40/89 MP: 1/20
  7691 | D:6      | Found a broken altar of Ashenzari.
  7694 | D:6      | Reached skill level 8 in Spellcasting
  7752 | D:6      | Found Ebrasunt's General Store.
  7861 | D:6      | Found an opulent altar of Gozag.
  7889 | D:6      | Found Ygye's General Store.
  8297 | D:6      | Found Tekumiuc's Jewellery Shop.
  8301 | D:6      | Found Joqum's Book Emporium.
  8719 | D:7      | Found a staircase to the Ecumenical Temple.
  8733 | D:7      | Noticed a two-headed ogre
  8736 | Temple   | Entered the Ecumenical Temple
  8809 | Temple   | Became a worshipper of Vehumet
  9352 | D:6      | Bought a scroll of identify for 26 gold pieces
  9546 | D:7      | Killed a two-headed ogre
  9547 | D:7      | Reached skill level 9 in Spellcasting
  9714 | D:7      | Found a snail-covered altar of Cheibriados.
  9715 | D:7      | Found a blossoming altar of Fedhas.
  9804 | D:7      | Found a basalt altar of Yredelemnul.
  9861 | D:7      | HP: 4/93 [centaur skeleton (2)]
  9865 | D:7      | Slain by a bullfrog

Illustrated notes

Levels and vault maps discovered:
D:1:      ebering_hopf_link, layout_loops_ring, serial_shops, shop,
          nicolae_shop_trees, nicolae_shop_overgrown_old_shop, shop,
          nicolae_figureground_sparkle
D:2:      layout_loops_ring, shapermc_ecumenical_altar_mp_vishouse
D:3:      layout_basic, mainiacjoe_overflow_alcove_1, hex_large,
          minmay_door_square, serial_bayou_lagoon_a, nicolae_grassy_gnolls
D:4:      layout_basic, nicolae_overflow_hidden_temple, minmay_misc_feat_cross
D:5:      minmay_razor_zed, layout_basic, nemelex_spade_bored_becter
D:6:      layout_loops_ring, cheibrodos_ashenzari_chains,
          nicolae_gozag_seed_capital, serial_shops, shop_statue,
          nicolae_stop_n_shop_2, shop, nicolae_take_the_stairs
D:7:      layout_rooms, yredelemnul_forgotten_temple_becter,
          gammafunk_temple_overflow_pools, minmay_temple_entry_grid,
          grunt_ministairs_9
Temple:   jpeg_temple_island

Skill      XL: |  1  2  3  4  5  6  7  8  9 |
---------------+----------------------------+-----
Fire Magic     | 3 4 5 6 8 |  8.0
Fighting       | 1 2 3 4 6 7 |  7.5
Conjurations   | 1 2 |  2.1
Spellcasting   | 3 4 5 6 7 9 |  9.5
Dodging        | 2 3 |  3.0
Stealth        | |  1.4

Action                   |  1- 3 |  4- 6 |  7- 9 || total
-------------------------+-------+-------+-------++-------
Melee: Falchion          |     3 |     3 |       ||     6
       Spear             |       |    36 |    13 ||    49
Throw: Javelin           |       |       |     6 ||     6
 Cast: Foxfire           |    41 |    30 |    16 ||    87
       Scorch            |    11 |    47 |   108 ||   166
       Conjure Flame     |       |     1 |     4 ||     5
       Flame Wave        |       |       |     1 ||     1
       Swiftness         |       |       |     1 ||     1
  Use: Scroll            |       |     9 |     4 ||    13
       Potion            |       |       |     4 ||     4
 Stab: Sleeping          |       |     1 |       ||     1
Armor: Robe              |     9 |     8 |    15 ||    32
       Skin              |       |       |     2 ||     2
Dodge: Dodged            |     7 |    27 |    44 ||    78

Table legend: (Time is in decaauts)
 A = Elapsed time spent in this place.
 B = Non-inter-level travel time spent in this place.
 C = Inter-level travel time spent in this place.
 D = Time resting spent in this place.
 E = Time spent auto-exploring this place.
 F = Levels seen in this place.
 G = Mean time per level.
                   A        B        C        D        E       F      G
               +--------+--------+--------+--------+--------+-----+--------+
         Total |   9921 |   9701 |    220 |   2693 |   5736 |   8 | 1240.1 |
       Dungeon |   9306 |   9110 |    196 |   2693 |   5164 |   7 | 1329.4 |
        Temple |    615 |    591 |     24 |      0 |    571 |   1 |  615.0 |
               +--------+--------+--------+--------+--------+-----+--------+

Top non-repeatable levels by time:
     D:5: 1940 daAuts
     D:3: 1568 daAuts
     D:4: 1523 daAuts
     D:2: 1210 daAuts
     D:1: 1197 daAuts
     D:6: 1147 daAuts
     D:7: 718 daAuts
  Temple: 615 daAuts
